 Dungeon Crawl Stone Soup version 0.31-a0-1042-ga9834b393d (webtiles) character file.

Game seed: 8716178995974149086

260 night the Shooter (level 6, 0/70 HPs)
             Began as a Human Hunter on Nov 20, 2023.
             Was an Initiate of Hepliaklqana.
             Succumbed to an orc wizard's poison
             ... on level 4 of the Dungeon.
             The game lasted 00:04:39 (2783 turns).

night the Shooter (Human Hunter)                    Turns: 2783, Time: 00:04:39

Health: 0/70       AC: 11    Str: 12    XL:     6   Next: 41%
Magic:  15/15      EV: 11    Int: 11    God:    Hepliaklqana [......]
Gold:   245        SH:  0    Dex: 18    Spells: 5/5 levels left

rFire   . . .        a - +0 shortbow
rCold   . . .        (shield currently unavailable)
rNeg    + . .        r - +4 ring mail of Cocytus {rN+ Int+2}
rPois   .            i - +0 helmet
rElec   .            s - +0 cloak
rCorr   .            (no gloves)
SInv    .            (no boots)
Will    .....        (no amulet) Stlth
                     g - ring of magical power
HPRegen 0.31/turn    (no ring)
MPRegen 0.14/turn

%: no passive effects
@: brilliant, berserking (expiring), lethally poisoned (0 -> -2), very quick
A: no striking features
a: Renounce Religion


You were on level 4 of the Dungeon.
You worshipped Hepliaklqana.
Hepliaklqana was noncommittal.
You visited 1 branch of the dungeon, and saw 4 of its levels.

You collected 245 gold pieces.

Inventory:

Hand Weapons
 a - a +0 shortbow (weapon)
Missiles
 j - 25 stones
 o - 5 javelins
Armour
 c - a +0 leather armour
 i - a +0 helmet (worn)
 r - the +4 ring mail of Cocytus (worn) {rN+ Int+2}
   (You found it on level 3 of the Dungeon)

   Int+2:     It affects your intelligence (+2).
   rN+:       It protects you from negative energy.
 s - a +0 cloak (worn)
Jewellery
 g - a ring of magical power (left hand)
Scrolls
 b - a scroll of butterflies
 d - 2 scrolls of fog
 e - a scroll of identify
 h - a scroll of teleportation
 m - a scroll of noise
 p - a scroll of immolation
 q - a scroll of enchant weapon
Potions
 n - a potion of lignification {unknown}


   Skills:
 + Level 3.2 Fighting
 * Level 5.5 Ranged Weapons
 + Level 3.2 Dodging
 + Level 2.9 Stealth


You had 5 spell levels left.
You didn't know any spells.
Your spell library contained the following spells:

 Spells                   Type           Power      Damage    Failure   Level
 Freeze                   Ice            0%         1d3       63%         1
 Slow                     Hex            0%         N/A       63%         1
 Blink                    Tloc           0%         N/A       77%         2
 Frozen Ramparts          Ice            0%         1d1       94%         3
 Hailstorm                Conj/Ice       0%         3d3       94%         3
 Volatile Blastmotes      Fire/Tloc      0%         2d10      94%         3
 Fulminant Prism          Conj/Hex       0%         3d5       100%        4
 Iskenderun's Mystic Bla  Conj/Tloc      0%         2d3       100%        4
 Manifold Assault         Tloc           0%         N/A       100%        4


Dungeon Overview and Level Annotations

Branches:
Dungeon (4/15)
 Temple: D:4-7

Altars:
Hepliaklqana

Shops:
D:4 [:


Message History

You hear some strange, mumbled words.
A puff of flame appears from out of thin air!
The puff of flame hits you.
* * * LOW HITPOINT WARNING * * *
You hit something!
Reactivating autopickup.
You feel a bit more experienced.
You feel very sick.
You clumsily bash the orc.
The orc is severely wounded.
You feel very sick. The orc hits you but does no damage.
The orc barely misses you. The orc hits you but does no damage.
You are too berserk!
You clumsily bash the orc but do no damage.
The orc is severely wounded.
You feel very sick. The orc hits you but does no damage.
The orc barely misses you. The orc hits you but does no damage.
You clumsily bash the orc.
You kill the orc!
You feel sick. The orc closely misses you.
You feel sick.
Items here: ))) [[ ††.
You closely miss the orc.
You feel sick. The orc hits you with a +0 trident.
* * * LOW HITPOINT WARNING * * *
You closely miss the orc. The orc hits you but does no damage.
You don't know any spells.
You are too berserk!
You barely miss the orc.
* * * LOW HITPOINT WARNING * * *
You feel sick. The orc hits you with a +0 trident.
* * * LOW HITPOINT WARNING * * *
You clumsily bash the orc.
The orc is severely wounded.
* * * LOW HITPOINT WARNING * * *
You feel sick. The orc barely misses you.
You hit the orc!
You kill the orc!
You die...

#.## #.# #.# #)# #.#
######### #.# . #....o...
#.# ....######.# #)#
........@).#############.#
###########..............#
........##############
#########


There were no monsters in sight!

Vanquished Creatures
  4 orc wizards
  7 adders
  3 worms
  A dart slug (D:1)
  15 orcs
  9 endoplasms
  A giant cockroach (D:3)
  3 goblins
  6 hobgoblins
  3 jackals
  2 quokkas
  7 ball pythons
  7 bats
  3 frilled lizards
  2 kobolds (D:2)
  4 rats
77 creatures vanquished.

Notes
Turn   | Place    | Note
-------+----------+-------------------------------------------
     0 | D:1      | night the Human Hunter began the quest for the Orb.
     0 | D:1      | Reached XP level 1. HP: 16/16 MP: 1/1
   304 | D:1      | Reached XP level 2. HP: 22/22 MP: 2/2
   681 | D:1      | Reached XP level 3. HP: 27/27 MP: 3/3
  1051 | D:2      | Reached XP level 4. HP: 25/34 MP: 4/4
  1128 | D:2      | Reached skill level 2 in Stealth
  1769 | D:3      | Identified the +0 robe of the Rose {rN+ Will- Regen+ Dex+6}
  1779 | D:3      | Found a faded altar of an unknown god.
  1792 | D:3      | Reached XP level 5. HP: 31/39 MP: 5/5
  1794 | D:3      | Got Plato's Information on the Jinx
  1961 | D:3      | Reached skill level 5 in Ranged Weapons
  1964 | D:3      | Identified the +4 ring mail of Cocytus {rN+ Int+2}
  2195 | D:3      | Found a hazy altar of Hepliaklqana.
  2209 | D:3      | Became a worshipper of Hepliaklqana the Forgotten
  2508 | D:4      | Found Meerotin's Antique Armour Shop.
  2555 | D:4      | Found Hum Jonk's Book Emporium.
  2677 | D:4      | Reached XP level 6. HP: 33/47 MP: 6/6
  2778 | D:4      | HP: 10/70 [poisoned by an orc wizard]
  2779 | D:4      | HP: 3/70 [orc/+0 trident (6)]
  2781 | D:4      | HP: 1/70 [orc/+0 trident (1)]
  2783 | D:4      | Succumbed to an orc wizard's poison

Illustrated notes

Levels and vault maps discovered:
D:1:      dpeg_arrival_erosion, layout_basic, minmay_pentomino_r2
D:2:      layout_basic, wad_floor_pattern_1, chequers_hall_statues_y
D:3:      minmay_general_purpose_star, layout_loops_cross,
          mainiacjoe_overflow_alcove_1, shapermc_ecumenical_altar_rom_forum
D:4:      layout_loops_ring, slow_altar_1, tso_metal_star,
          nicolae_wooded_promenade, uniq_pikel

Skill      XL: |  1  2  3  4  5 |
---------------+----------------+-----
Stealth        | 2 |  2.9
Ranged Weapons | 5 |  5.5
Dodging        | 3 |  3.2
Fighting       | 3 |  3.2

Action                     |  1- 3 |  4- 6 || total
---------------------------+-------+-------++-------
  Melee: Shortbow          |       |    10 ||    10
   Fire: Shortbow          |    93 |   168 ||   261
    Use: Scroll            |       |     5 ||     5
         Potion            |       |     3 ||     3
 Armour: Leather armour    |    13 |    13 ||    26
         Ring mail         |       |    39 ||    39
  Dodge: Dodged            |    21 |    44 ||    65

Table legend: (Time is in decaauts)
 A = Elapsed time spent in this place.
 B = Non-inter-level travel time spent in this place.
 C = Inter-level travel time spent in this place.
 D = Time resting spent in this place.
 E = Time spent auto-exploring this place.
 F = Levels seen in this place.
 G = Mean time per level.
                   A        B        C        D        E       F      G
               +--------+--------+--------+--------+--------+-----+--------+
         Total |   2841 |   2705 |    136 |      0 |   2177 |   4 |  710.2 |
       Dungeon |   2841 |   2705 |    136 |      0 |   2177 |   4 |  710.2 |
               +--------+--------+--------+--------+--------+-----+--------+

Top non-repeatable levels by time:
     D:3: 920 daAuts
     D:1: 853 daAuts
     D:2: 720 daAuts
     D:4: 347 daAuts
